montu, chaotic male human Wizard --- ---- ----.--- ----..---......--- -- ------- |...|..|[........| ---- ---.- |..|..---..-- -)o........---..| ----|.... --..........|---....e..........-- |..--... --- |.......--.--|...M..............| |......- --.--|.....------ |..@o.....|........| |......---- ----...|--....| --......--|.-----.-- ---- -...<....-- |.....-| |....------ --..F.-- |.| |.| |..| -- ---.........| --......------..--..| |....| |.| |.| --..| --.--...........- |........| --.^...-- --...| |.| |.----...| | |...........---..| --.......--- |......| ----- |.| |.......- |.|...........| --- |.........-- ----...-- ---|.| ---.....| --.......*....-- |..--.....>-----|....-- --..|.| --....| --.............| -----........--.|.....| --...|.| ---..------- |.......%..|...| -.................-- |......--- ---.[.%.--.-------........---..- |..|......|........------.--.|...| |.............%.........--- |... |.----..----......%%......|----..| |...---......-----.....-- --..| -- |..| |..|..---------- |..| --.-- --.--.-- ---.-- ---- ---- ------- ---- --- --- -- -- montu the Thaumaturge Experience level: 6 Strength: 13 Dexterity: 14 Constitution: 14 Intelligence: 16 Wisdom: 9 Charisma: 9 Health: 0(64) Energy: 13(39) Def: 1 Gold: 93 Moves: 3103 Dungeon seed: drwkAdX3Hgq97Jcl Game ID: montu_1681004762 Your Inventory: Coins $ - 93 gold pieces Weapons a - a blessed +2 quarterstaff (weapon in hands) G - 2 uncursed +0 daggers I - 3 cursed -1 arrows K - a blessed +1 bow V - 4 cursed -1 daggers X - an uncursed +0 mace Armor c - a cursed +0 pair of iron shoes e - an uncursed +0 cloak of magic resistance (being worn) r - an uncursed +0 dwarvish cloak z - an uncursed +0 dwarvish cloak L - an uncursed +0 pair of iron shoes N - an uncursed +0 dwarvish cloak Y - a cursed +0 pair of iron shoes Z - an uncursed +0 dwarvish cloak Comestibles M - an uncursed carrot Scrolls p - an uncursed scroll of blank paper Spellbooks m - an uncursed spellbook of levitation q - an uncursed spellbook of invisibility s - a cursed spellbook of jumping Potions J - a cursed potion of object detection Rings i - a cursed ring of aggravate monster Wands b - an uncursed wand of striking (0:1) D - an uncursed wand of digging (0:5) T - an uncursed wand of slow monster (0:0) U - an uncursed wand of light (0:11) Tools d - an uncursed mirror h - an uncursed blindfold H - 2 uncursed wax candles (0:400) Q - 8 uncursed tallow candles (0:200) R - a cursed oil lamp (lit) (0:917) S - an uncursed credit card Gems n - 2 uncursed worthless pieces of blue glass O - an uncursed worthless piece of green glass P - an uncursed dilithium crystal Spells and supernatural/magical abilities: Name Level Category Cost Memory a - force bolt 1 attack 8pw 95% m - magic missile 2 attack 16pw 95% n - detect monsters 1 divination 12pw 97% s - slow monster 2 enchantment 16pw 97% w - wizard lock 2 matter 25pw 95% z - sleep 1 enchantment 8pw 97% H - speed monster 3 escape 37pw 95% U - detect unseen 3 divination 37pw 97% W - pray for help -- divine ? -- Your skills at the end: Fighting Skills wands [Basic] Weapon Skills quarterstaff [Basic] Spellcasting Skills attack spells [Basic] enchantment spells [Basic] Final Attributes: You were piously aligned. You were magic resistant. You could teleport. You were slow. You last prayed 1087 turns ago. Anhur was noncommittal. You are dead. Vanquished creatures: a dwarf lord a mountain nymph 7 Uruk-hai a pony 3 gnome lords a Kop Lieutenant a black naga hatchling an elf zombie 2 giant ants a floating eye 5 dwarves a centipede 3 Kop Sergeants 2 wererats an iguana 2 acid blobs 3 coyotes 2 hobbits a giant rat a brown mold 3 yellow molds 14 gnomes 4 Keystone Kops 2 gnome zombies a gecko 2 jackals 2 foxes a kobold 2 goblins a sewer rat 5 grid bugs 3 lichens 3 newts 83 creatures vanquished. Voluntary challenges: You used a wielded weapon 60 times, starting on turn 85. You read items or engraved 22 times, starting on turn 565. You never genocided any monsters. You never polymorphed an object. You never changed form. You used no wishes. You never split a pudding. You wrote Elbereth's name 5 times, starting on turn 566. You never violated your personal moral code. Dungeon overview: The Dungeons of Doom: levels 1 to 4 Level 1 a long staircase Level 2 a bookstore Level 3 some fountains, a vault Level 4 a general store, an altar to Thoth, a fountain stairs to The Gnomish Mines The Gnomish Mines: levels 5 to 6 Level 5 stairs to The Dungeons of Doom Level 6 <- You were here History has recorded: On T:1 you entered the Dungeons of Doom to retrieve the Amulet of Yendor! On T:398 you reached level 2 of The Dungeons of Doom. On T:934 you advanced to experience level 2. On T:938 you advanced to experience level 3. On T:946 you advanced to experience level 4. On T:952 you reached level 3 of The Dungeons of Doom. On T:1719 you reached level 4 of The Dungeons of Doom. On T:1726 you advanced to experience level 5. On T:2316 you reached level 1 of The Gnomish Mines. On T:2769 you advanced to experience level 6. On T:2779 you reached level 2 of The Gnomish Mines. Score breakdown: Gold: 93 ( 6711 points) Experience: 6 levels (12456 points) Exploration: 6 levels ( 12.24%) ( 9682 points) Discoveries: 11 items ( 3.69%) ( 5763 points) Valuables value: (no points given unless you survive) Artifact value: 0 ( 0 points) Variety of kills: 33 monsters ( 8.68%) ( 8840 points) Turncount: 3103 turns ( -649 points) Survival: died (score multiplied by 80%) Total score: 34242 Latest messages: [2 turns] The force bolt hits the Uruk-hai! The Uruk-hai hits! [2 turns] You kill the Uruk-hai! The Uruk-hai picks up several items from the floor. [2 turns] (2x) The Uruk-hai wields a crude bow! [2 turns] The Uruk-hai puts on a coarse mantelet. The Uruk-hai puts on an iron skull cap. The Uruk-hai swings her crude bow at you. The Uruk-hai hits! The gnome mummy hits! [2 turns] You feel more confident in your weapon skills. You hit the Uruk-hai! The gnome mummy hits! The Uruk-hai puts on a shield. The Uruk-hai picks up several items from the floor. The Uruk-hai swings her crude bow at you. The Uruk-hai hits! You die... Final status: Goodbye montu the Wizard, killed by an Uruk-hai... You died in The Gnomish Mines on dungeon level 6 with 34242 points, and 93 pieces of gold, after 3103 moves. You were level 6 with a maximum of 64 hit points when you died.